 Dungeon Crawl Stone Soup version 0.18.1-5-g4a78601 (webtiles) character file.

170 Zhenya25pyc the Shield-Bearer (level 5, -6/33 HPs)
             Began as a Gargoyle Fighter on May 14, 2016.
             Killed by divine providence
             ... invoked by an orc priest
              (17 damage)
             ... on level 3 of the Dungeon.
             The game lasted 00:02:18 (1923 turns).

Zhenya25pyc the Shield-Bearer (Gargoyle Fighter)    Turns: 1923, Time: 00:02:20

Health: -6/33      AC: 12    Str: 20    XL:     5   Next: 50%
Magic:  5/5        EV:  7    Int:  9    God:
Gold:   139        SH:  9    Dex:  9    Spells: 0 memorised, 4 levels left

rFire  . . .     SeeInvis .     a - +0 flail
rCold  . . .     Gourm    .     b - +0 scale mail
rNeg   + . .     Faith    .     c - +0 shield
rPois  ∞         Spirit   .     (no helmet)
rElec  +         Dismiss  .     (no cloak)
rCorr  .         Reflect  .     (no gloves)
SustAt .         Harm     .     o - +0 pair of boots
MR     .....                    (no amulet)
Stlth  ..........               (no ring)
                                (no ring)

@: not resistant to hostile enchantments, extremely unstealthy
A: negative energy resistance 1, electricity resistance, unbreathing,
petrification resistance, rot immunity, AC +4
a: no special abilities


You were on level 3 of the Dungeon.
You were hungry.

You visited 1 branch of the dungeon, and saw 3 of its levels.

You collected 139 gold pieces.

Inventory:

Hand Weapons
 a - a +0 flail (weapon)
Armour
 b - a +0 scale mail (worn)
 c - a +0 shield (worn)
 o - a +0 pair of boots (worn)
Scrolls
 e - 3 scrolls of identify {unknown}
 h - a scroll of magic mapping {unknown}
 i - a scroll of immolation {unknown}
 n - a scroll of enchant armour {unknown}
 p - 2 scrolls of teleportation {unknown}
 r - 2 scrolls of recharging {unknown}
 v - a scroll of random uselessness {unknown}
Potions
 d - 2 potions of might
 j - a potion of curing {unknown}
 k - a potion of haste {unknown}
 l - a potion of experience {unknown}
 q - a potion of agility {unknown}
 t - a potion of flight {unknown}
 u - 2 potions of magic {unknown}
 w - a potion of lignification {unknown}
 z - a potion of beneficial mutation {unknown}
Comestibles
 f - 2 bread rations
 g - 2 meat rations
 m - 2 slices of pizza
 s - a beef jerky


   Skills:
 + Level 4.1 Fighting
 * Level 3.6 Maces & Flails
 + Level 4.1 Armour
 + Level 4.3 Shields


You had 4 spell levels left.
You didn't know any spells.

Dungeon Overview and Level Annotations

Branches:
Dungeon (3/15)

Altars:
Ashenzari
Kikubaaqudgha
Pakellas
Sif Muna


Innate Abilities, Weirdness & Mutations

You are resistant to torment.
Your stone body is resilient (AC +4).
You are immune to poison.
You resist negative energy.
You are resistant to electric shocks.
You can survive without breathing.
You are immune to petrification.
You are immune to rotting.


Message History

The orc priest is moderately wounded.
The orc priest closely misses you. The orc hits you with a club.
You closely miss the orc priest.
The orc priest is moderately wounded.
The orc priest hits you but does no damage.
The orc closely misses you.
You hit the orc priest.
The orc priest is moderately wounded.
The orc priest hits you with a mace. The orc completely misses you.
You barely miss the orc priest.
The orc priest is moderately wounded.
You block the orc priest's attack. The orc hits you but does no damage.
You hit the orc priest.
The orc priest is severely wounded.
The orc priest hits you but does no damage.
You block the orc's attack.
The orc priest invokes the aid of Beogh against you.
Beogh smites you!
Ouch! That really hurt!
You die...

.......#
.......#########
....†..#.......# .
.#....##.......#######..
.#.###.........#........
........................
.........#....##.#......
.......###....##........
.......# #....#.@...#...
.......# #....#.oo..#
.......# #....#.....#
.......# #....#.....#
.......# +....#$....#
.......# ###..####...
..# #.#### ... .###.
..####....#######.# ###
..##[.....##......#..# .


You could see an orc priest and an orc.

Vanquished Creatures
  An ice beast (D:3)
  3 adders
  An ooze (D:2)
  A worm (D:3)
  A giant gecko (D:2)
  6 orcs (D:3)
  4 giant cockroaches
  7 goblins
  4 hobgoblins
  3 bats
  4 giant newts
  A kobold (D:3)
  6 rats
42 creatures vanquished.

Vanquished Creatures (others)
  An ice dragon (D:2)
  A bush (D:2)
2 creatures vanquished.

Grand Total: 44 creatures vanquished

Notes
Turn   | Place    | Note
--------------------------------------------------------------
     0 | D:1      | Zhenya25pyc the Gargoyle Fighter began the quest for the Orb.
     0 | D:1      | Reached XP level 1. HP: 14/14 MP: 1/1
   411 | D:1      | Reached XP level 2. HP: 13/19 MP: 2/2
   992 | D:2      | Reached XP level 3. HP: 14/23 MP: 3/3
  1550 | D:2      | Found an oddly glowing altar of Pakellas.
  1551 | D:2      | Noticed an ice dragon
  1561 | D:2      | Killed an ice dragon
  1660 | D:3      | Found an ancient bone altar of Kikubaaqudgha.
  1718 | D:3      | Reached XP level 4. HP: 26/29 MP: 4/4
  1721 | D:3      | Found a deep blue altar of Sif Muna.
  1743 | D:3      | Found a shattered altar of Ashenzari.
  1865 | D:3      | Noticed an ice beast
  1878 | D:3      | Killed an ice beast
  1878 | D:3      | Reached XP level 5. HP: 11/33 MP: 5/5
  1923 | D:3      | Killed from afar by an orc priest

Skill      XL: |  1  2  3  4 |
---------------+-------------+-----
Maces & Flails | 3 |  3.6
Shields        | 4 |  4.3
Fighting       | 4 |  4.1
Armour         | 4 |  4.1

Action                   |  1- 3 |  4- 6 || total
-------------------------+-------+-------++-------
Melee: Flail             |   122 |    44 ||   166
  Eat: Chunk             |     3 |       ||     3
Armor: Scale mail        |    92 |    22 ||   114
Dodge: Dodged            |    41 |    16 ||    57
Block: Shield            |    81 |    20 ||   101
